 Dungeon Crawl Stone Soup version 0.26.1-11-gd32895ea62 (webtiles) character file.

Game seed: 8198242652301945749

64 hawla the Conjurer (level 3, -3/19 (20) HPs)
             Began as a Deep Elf Conjurer on June 16, 2021.
             Slain by Crazy Yiuf
             ... wielding a +3 quarterstaff of chaos
              (11 damage)
             ... on level 2 of the Dungeon.
             The game lasted 00:04:37 (2613 turns).

hawla the Conjurer (Deep Elf Conjurer)              Turns: 2613, Time: 00:04:37

HP:   -3/19 (20)    AC:  2    Str:  4    XL:     3   Next: 91%
MP:   6/10          EV: 13    Int: 23    God:
Gold: 147           SH:  0    Dex: 13    Spells: 7/10 levels left

rFire    . . .     SeeInvis .   (no weapon)
rCold    . . .     Faith    .   (no shield)
rNeg     . . .     Spirit   .   a - +0 robe
rPois    .         Reflect  .   (no helmet)
rElec    .         Harm     .   (no cloak)
rCorr    .         Rampage  .   (no gloves)
Will     .....                  (no boots)
Stlth    ++........             (no amulet)
HPRegen  0.06/turn              (no ring)
MPRegen  0.12/turn              (no ring)

@: drained
A: no striking features
a: no special abilities


You were on level 2 of the Dungeon.
You visited 1 branch of the dungeon, and saw 2 of its levels.

You collected 147 gold pieces.

Inventory:

Missiles
 d - 8 boomerangs
 k - 3 javelins
Armour
 a - a +0 robe (worn)
Scrolls
 c - a scroll of identify {unknown}
 f - 2 scrolls of fog
 i - a scroll of amnesia
 j - a scroll of remove curse {unknown}
 l - a scroll of fear {unknown}
Potions
 b - a potion of flight {unknown}
 e - a potion of curing
 g - a potion of might {unknown}
 h - a potion of lignification {unknown}


   Skills:
 - Level 1.0 Fighting
 - Level 2.4 Dodging
 - Level 2.4 Stealth
 - Level 4.0 Spellcasting
 + Level 4.9 Conjurations
 + Level 1.8 Translocations


You had 7 spell levels left.
You knew the following spells:

 Your Spells              Type           Power        Failure   Level
a - Magic Dart            Conj           100%         1%          1
b - Searing Ray           Conj           54%          1%          2

Your spell library contained the following spells:

 Spells                   Type           Power        Failure   Level
 Dazzling Flash           Conj/Hex       32%          12%         3
 Iskenderun's Mystic Bla  Conj/Tloc      20%          26%         4
 Fulminant Prism          Conj/Hex       8%           36%         4


Dungeon Overview and Level Annotations

Branches:
Dungeon (2/15)

Altars:
Nemelex Xobeh
Xom

Annotations:
D:2 Crazy Yiuf


Message History

Aiming: Searing Ray (safe; 1% risk of failure)
Press: ? - help, Shift-Dir - straight line, f - Crazy Yiuf
Aim: Crazy Yiuf, wielding a +3 quarterstaff of chaos and wearing a +0 cloak (18% to evade)
The searing ray hits Crazy Yiuf.
Crazy Yiuf is lightly wounded. (Press . to maintain the ray.) It was a potion of curing.
You feel better.
Crazy Yiuf hits you with a +3 quarterstaff of chaos!
You feel drained.
Casting: Searing Ray (safe; 1% risk of failure)
Confirm with . or Enter, or press ? or * to list all spells.
Aiming: Searing Ray (safe; 1% risk of failure)
Press: ? - help, Shift-Dir - straight line, f/p - Crazy Yiuf
Aim: Crazy Yiuf, wielding a +3 quarterstaff of chaos and wearing a +0 cloak (lightly wounded, 18% to evade)
The searing ray hits Crazy Yiuf!
Crazy Yiuf is severely wounded. (Press . to maintain the ray.) Crazy Yiuf hits you with a +3 quarterstaff of chaos!
Ouch! That really hurt!
You die...

###..####........# #....#
########.# ### ♣....♣ ########.#
..## ♣♣...♣ #........# #..# #####
♣♣.♣♣ ####.###.# ##÷# #...# ♣♣.♣
####.###># #.†### #.### ♣.♣♣
#.......<## ...÷.# #.# ♣♣.♣
####......# .....###.### ♣@♣♣
########..# #.†..#.....# #g#
#.......(.# #...###.#.## ...
#########.# (#####.###.# #...#
#.# ### ##.#.## #)..# #.# #.#
##.## ##### ### ##.# #.# #..##
#.## ##..#
..######...###########..####...##
..............'<........'.......#


You could see Crazy Yiuf.

Vanquished Creatures
  An adder (D:2)
  2 worms (D:2)
  A giant cockroach (D:1)
  A goblin (D:2)
  5 hobgoblins
  2 quokkas (D:2)
  A ball python (D:2)
  8 bats
  4 frilled lizards (D:2)
  8 kobolds
  24 rats
57 creatures vanquished.

Notes
Turn   | Place    | Note
-------+----------+-------------------------------------------
     0 | D:1      | hawla the Deep Elf Conjurer began the quest for the Orb.
     0 | D:1      | Reached XP level 1. HP: 10/10 MP: 6/6
   376 | D:1      | Reached XP level 2. HP: 16/16 MP: 1/8
   380 | D:1      | Learned a level 2 spell: Searing Ray
   647 | D:1      | Found a sparkling altar of Nemelex Xobeh.
   980 | D:2      | Reached skill level 1 in Translocations
  1329 | D:2      | Reached XP level 3. HP: 20/20 MP: 1/10
  1486 | D:2      | Found a shimmering altar of Xom.
  1607 | D:2      | Reached skill level 1 in Fighting
  2546 | D:2      | Found a runed translucent door.
  2547 | D:2      | Noticed Crazy Yiuf
  2613 | D:2      | Slain by Crazy Yiuf

Illustrated notes

Levels and vault maps discovered:
D:1:      roderic_dead_forest, layout_loops_ring,
          nemelex_xobeh_ov_fountains_minmay
D:2:      layout_loops_corners, xom_teletrap_fun, kennysheep_donut,
          minivault_27, minmay_rat_hole, uniq_crazy_yiuf_cottage

Skill      XL: |  1  2  3 |
---------------+----------+-----
Translocations | 1 |  1.8
Fighting       | 1 |  1.0
Spellcasting   | 4 |  4.0
Dodging        | |  2.4
Stealth        | |  2.4
Conjurations   | |  4.9

Action                   || total
-------------------------++-------
Melee: Unarmed           ||     4
 Cast: Magic Dart        ||    19
       Searing Ray       ||    36
  Use: Scroll            ||     3
       Potion            ||     1
Armor: Robe              ||     1
Dodge: Dodged            ||    13
